 Dungeon Crawl Stone Soup version 0.27.0-1-g7a089689b8 (webtiles) character file.

Game seed: 5585453622042173310

3643 ZARRMARR the Frost Mage (level 10, -7/70 HPs)
             Began as a Merfolk Ice Elementalist on Aug 17, 2021.
             Was a Priest of Vehumet.
             Mangled by a two-headed ogre (28 damage)
             ... on level 9 of the Dungeon.
             The game lasted 01:11:28 (12313 turns).

ZARRMARR the Frost Mage (Merfolk Ice Elementalist) Turns: 12313, Time: 01:11:32

Health: -7/70      AC:  3    Str: 10    XL:     10   Next: 12%
Magic:  17/20      EV: 18    Int: 25    God:    Vehumet [***...]
Gold:   442        SH:  0    Dex: 11    Spells: 20/22 levels left

rFire    . . .     SeeInvis .   L - +8 dagger "Kuroat" {protect, rElec Stlth+}
rCold    + . .     Faith    .   (no shield)
rNeg     . . .     Spirit   .   a - +0 robe
rPois    .         Reflect  .   (no helmet)
rElec    +         Harm     .   J - scarf {+Inv}
rCorr    .         Rampage  .   (no gloves)
Will     .....                  l - +0 pair of boots
Stlth    ++++......             M - amulet of magic regeneration
HPRegen  0.21/turn              k - ring "Ibbaruff" {rC+ Str+2 Int+6 Dex-3 Slay+2}
MPRegen  0.42/turn              v - +4 ring of evasion

@: no status effects
A: (nimble swimmer 2), mertail
a: Renounce Religion, Evoke Invisibility


You were on level 9 of the Dungeon.
You worshipped Vehumet.
Vehumet was most pleased with you.
You visited 1 branch of the dungeon, and saw 9 of its levels.
You also visited: Sewer and Ossuary.

You collected 442 gold pieces.

Inventory:

Hand Weapons
 L - the +8 dagger "Kuroat" (weapon) {protect, rElec Stlth+}
   (You found it on level 7 of the Dungeon)

   It grants its wielder temporary protection when it strikes (+7 to AC).
   rElec:     It insulates you from electricity.
   Stlth:     It makes you more stealthy.
Missiles
 b - 155 stones
 j - 2 curare-tipped darts
 r - a silver javelin (quivered)
 y - 12 boomerangs
 A - 31 poisoned darts
 N - 3 throwing nets
Armour
 a - a +0 robe (worn)
 l - a +0 pair of boots (worn)
 J - a scarf of invisibility (worn)
Jewellery
 k - the ring "Ibbaruff" (left hand) {rC+ Str+2 Int+6 Dex-3 Slay+2}
   (You found it on level 7 of the Dungeon)

   [ring of intelligence]

   Str:       It affects your strength (+2).
   Int:       It affects your intelligence (+6).
   Dex:       It affects your dexterity (-3).
   Slay:      It affects your accuracy & damage with ranged weapons and melee
   (+2).
   rC:        It protects you from cold.
 m - a ring of positive energy
 v - a +4 ring of evasion (right hand)
 w - a ring of resist corrosion
 I - a ring of ice
 M - an amulet of magic regeneration (around neck)
 S - a ring of flight
Wands
 g - a wand of iceblast (10)
 G - a wand of flame (9)
 H - a wand of paralysis (10)
 P - a wand of polymorph (10)
Scrolls
 c - a scroll of holy word
 e - 8 scrolls of teleportation
 f - a scroll of fog
 i - 3 scrolls of noise
 s - a scroll of enchant weapon
 u - 2 scrolls of silence
 x - 2 scrolls of magic mapping
 C - 2 scrolls of amnesia
 K - 3 scrolls of enchant armour
 O - a scroll of blinking {unknown}
 Q - a scroll of brand weapon {unknown}
Potions
 d - 3 potions of haste {unknown}
 h - 6 potions of curing
 n - 2 potions of brilliance {unknown}
 o - 3 potions of invisibility {unknown}
 p - 2 potions of might
 q - a potion of attraction {unknown}
 t - a potion of lignification {unknown}
 z - 2 potions of berserk rage {unknown}
 B - a potion of magic {unknown}
 D - a potion of experience {unknown}
 E - 2 potions of mutation {unknown}
 F - a potion of resistance {unknown}


   Skills:
 + Level 3.3 Fighting
 + Level 3.0 Short Blades
 + Level 6.8 Dodging
 + Level 5.2 Stealth
 + Level 6.7 Spellcasting
 + Level 2.9 Conjurations
 + Level 2.6 Fire Magic
 + Level 9.3 Ice Magic
 * Level 2.4 Evocations


You had 20 spell levels left.
You knew the following spells:

 Your Spells              Type           Power      Damage    Failure   Level
a - Freeze                Ice            100%       1d11      1%          1
b - Foxfire               Conj/Fire      88%        2x1d8     1%          1

Your spell library contained the following spells:

 Spells                   Type           Power      Damage    Failure   Level
 Dazzling Flash           Conj/Hex       30%        N/A       3%          3
 Conjure Flame            Conj/Fire      22%        6-21      1%          3
 Frozen Ramparts          Ice            100%       1d12      1%          3
 Ozocubu's Armour         Ice            53%        N/A       1%          3
 Hailstorm                Conj/Ice       39%        3d9       1%          4
 Inner Flame              Hex/Fire       14%        N/A       3%          3


Dungeon Overview and Level Annotations

Branches:
Dungeon (9/15)             Temple (0/1) D:4           Sewer (visited)
Ossuary (visited)
   Lair: D:8-11         Orc: D:9-12

Altars:
Dithmenos
Elyvilon
Fedhas
Kikubaaqudgha
Okawaru
Qazlal
Sif Muna
Vehumet
Wu Jian
Xom

Shops:
D:2 *


Innate Abilities, Weirdness & Mutations

((You are quick and stealthy near water. (Stealth+, EV+, Speed+++)))
Your lower body shifts to a powerful aquatic tail in water.


Message History

You freeze the two-headed ogre.
The two-headed ogre is moderately wounded.
The foxfire hits the two-headed ogre!
The two-headed ogre is moderately wounded.
The foxfire hits the two-headed ogre.
The two-headed ogre is heavily wounded.
The two-headed ogre hits you with a +0 giant spiked club!!
The two-headed ogre closely misses you.
Casting: Freeze (safe; 1% risk of failure)
Confirm with . or Enter, or press ? or * to list all spells.
Aiming: Freeze (safe; 1% risk of failure)
Press: ? - help, Shift-Dir - straight line, f/p - two-headed ogre
Aim: a two-headed ogre, wielding two +0 giant spiked clubs (moderately wounded)
You freeze the two-headed ogre!
The two-headed ogre is heavily wounded.
The two-headed ogre closely misses you. The two-headed ogre misses you.
Unknown command.
Casting: Freeze (safe; 1% risk of failure)
Confirm with . or Enter, or press ? or * to list all spells.
Aiming: Freeze (safe; 1% risk of failure)
Press: ? - help, Shift-Dir - straight line, f/p - two-headed ogre
Aim: a two-headed ogre, wielding two +0 giant spiked clubs (heavily wounded)
You freeze the two-headed ogre!
The two-headed ogre is severely wounded.
The two-headed ogre hits you with a +0 giant spiked club!! x2
* * * LOW HITPOINT WARNING * * *
Casting: Freeze (safe; 1% risk of failure)
Confirm with . or Enter, or press ? or * to list all spells.
Okay, then.
You feel much better.
Casting: Freeze (safe; 1% risk of failure)
Confirm with . or Enter, or press ? or * to list all spells.
Aiming: Freeze (safe; 1% risk of failure)
Press: ? - help, Shift-Dir - straight line, f/p - two-headed ogre
Aim: a two-headed ogre, wielding two +0 giant spiked clubs (severely wounded)
You freeze the two-headed ogre!
The two-headed ogre is almost dead.
The two-headed ogre closely misses you.
The two-headed ogre hits you with a +0 giant spiked club!!
You die...

..(...# #.....# #.....##### .
#.....#...# . #.....#..<#
##########(....#..)##+#######+
##.......(.....##[##..........
.#........#####O..............
.'.....†..#...#.@.............
.#........+...#...............
.#....^...#...#...............
##..........###...............
......######.......###+#######
......# #.......# ......#
#.......# ......# #.......#
......# #.......#


You could see a two-headed ogre.

Vanquished Creatures
  A wraith (D:6)
  Eustachio (D:4)
  Duvessa (D:5)
  A water moccasin (D:7)
  An orc warrior (D:8)
  A sky beast (D:5)
  A black bear (D:3)
  An ogre (D:5)
  A centaur (D:7)
  3 kobold brigands (Sewer)
  2 phantoms (D:6)
  7 elf zombies (Ossuary)
  2 scorpions
  A bullfrog (D:9)
  Dowan (D:5)
  A wyvern skeleton (D:4)
  5 wights (D:8)
  An electric eel (D:6)
  2 howler monkeys (D:5)
  7 centaur zombies
  An orc priest (D:9)
  3 hounds
  2 human zombies (Ossuary)
  A gnoll shaman (D:7)
  A centaur skeleton (D:4)
  5 iguanas
  3 orc wizards
  2 killer bee zombies (D:7)
  3 mummies (Ossuary)
  3 gnolls (D:7)
  7 adders
  A shadow imp (D:5)
  A white imp (D:8)
  A worm (D:4)
  4 dart slugs
  16 orcs
  6 endoplasms
  7 giant cockroaches
  7 goblins
  10 hobgoblins
  11 jackals
  20 kobolds
  6 quokkas
  6 ball pythons
  8 bats
  2 frilled lizards (D:1)
  7 rats
185 creatures vanquished.

Vanquished Creatures (collateral kills)
  2 foxfires (Sewer)
2 creatures vanquished.

Vanquished Creatures (others)
  245 foxfires
  A plant (Sewer)
246 creatures vanquished.

Grand Total: 433 creatures vanquished

Notes
Turn   | Place    | Note
-------+----------+-------------------------------------------
     0 | D:1      | ZARRMARR the Merfolk Ice Elementalist began the quest for
                  | the Orb.
     0 | D:1      | Reached XP level 1. HP: 13/13 MP: 3/3
   127 | D:1      | Reached XP level 2. HP: 19/19 MP: 0/5
   349 | D:1      | Reached skill level 5 in Ice Magic
   488 | D:1      | Reached XP level 3. HP: 22/24 MP: 1/6
  1021 | D:1      | Found a faded altar of an unknown god.
  1368 | D:2      | Reached XP level 4. HP: 30/30 MP: 4/8
  1436 | D:2      | Found a blossoming altar of Fedhas.
  1450 | D:2      | Found Piniraath's Assorted Antiques.
  2365 | D:3      | Noticed a black bear
  2378 | D:3      | Killed a black bear
  2379 | D:3      | Reached XP level 5. HP: 20/35 MP: 1/10
  2619 | D:3      | Reached XP level 6. HP: 25/41 MP: 7/12
  2779 | D:3      | Found a radiant altar of Vehumet.
  2867 | D:3      | Became a worshipper of Vehumet
  3565 | D:4      | Noticed Eustachio
  3580 | D:4      | Killed Eustachio
  3581 | D:4      | Reached skill level 6 in Ice Magic
  3584 | D:4      | Reached XP level 7. HP: 32/47 MP: 6/14
  3658 | D:4      | Found a sand-covered staircase.
  3679 | Ossuary  | Entered an ossuary
  3717 | Ossuary  | Reached skill level 5 in Spellcasting
  3823 | Ossuary  | Learned a level 1 spell: Foxfire
  3849 | Ossuary  | Reached skill level 1 in Fighting
  4024 | Ossuary  | Reached skill level 7 in Ice Magic
  4235 | Ossuary  | Reached skill level 1 in Conjurations
  4384 | Ossuary  | Reached skill level 1 in Fire Magic
  4384 | Ossuary  | Reached XP level 8. HP: 36/56 MP: 6/15
  5079 | D:4      | Reached skill level 5 in Dodging
  5205 | D:4      | Reached * piety under Vehumet
  5205 | D:4      | Offered knowledge of Shock by Vehumet.
  5564 | D:4      | Found a staircase to the Ecumenical Temple.
  5689 | D:5      | Entered Level 5 of the Dungeon
  5689 | D:5      | Noticed Duvessa
  5689 | D:5      | Noticed Dowan
  5792 | D:5      | Found a glowing drain.
  5815 | Sewer    | Entered a sewer
  6190 | Sewer    | Reached ** piety under Vehumet
  6192 | Sewer    | Offered knowledge of Poisonous Vapours by Vehumet.
  6450 | D:5      | Reached skill level 8 in Ice Magic
  6450 | D:5      | Reached XP level 9. HP: 58/62 MP: 12/16
  6866 | D:5      | Found an ornate altar of the Wu Jian Council.
  6904 | D:5      | Killed Duvessa
  6909 | D:5      | Killed Dowan
  7514 | D:6      | Found a shadowy altar of Dithmenos.
  7514 | D:6      | Found a shimmering blue altar of Sif Muna.
  7514 | D:6      | Found an ancient bone altar of Kikubaaqudgha.
  7515 | D:6      | Found a shimmering altar of Xom.
  8556 | D:6      | Found a white marble altar of Elyvilon.
  8597 | D:6      | Found a blossoming altar of Fedhas.
  9211 | D:6      | Found an iron altar of Okawaru.
  9314 | D:7      | Identified the +8 dagger "Kuroat" {protect, rElec Stlth+}
  9454 | D:7      | Identified the ring "Ibbaruff" {rC+ Str+2 Int+6 Dex-3
                  | Slay+2}
  9532 | D:7      | Offered knowledge of Dazzling Flash by Vehumet.
  9585 | D:7      | Reached skill level 1 in Evocations
  9852 | D:7      | Reached skill level 9 in Ice Magic
 10586 | D:8      | Reached skill level 1 in Short Blades
 10586 | D:8      | Reached skill level 5 in Stealth
 10896 | D:8      | Found a stormy altar of Qazlal.
 10911 | D:8      | Reached *** piety under Vehumet
 10920 | D:8      | Reached XP level 10. HP: 37/66 MP: 19/19
 11989 | D:9      | Noticed a two-headed ogre
 12313 | D:9      | Mangled by a two-headed ogre

Illustrated notes

Levels and vault maps discovered:
D:1:      amcnicky_arrival_flooded_fountain, layout_basic,
          hellmonk_ecumenical_altar_heavens_door, st_stairs_7,
          minmay_octomino_c4
D:2:      layout_rooms, serial_shops, nicolae_shop_overgrown_old_shop,
          basic_altar
D:3:      layout_basic, nicolae_vehumet_radiance
D:4:      layout_cave_pools, minmay_temple_entry_nine_rooms, enter_ossuary_5,
          uniq_eustachio
D:5:      layout_rooms, lemuel_crystal_altar, portal_sewer_entry_f, uniq_duvessa
D:6:      layout_basic, elyvilon_altar_1, grunt_temple_overflow_open,
          mainiacjoe_overflow_catch_the_wave, minivault_4
D:7:      layout_rooms
D:8:      layout_basic, mainiacjoe_overflow_tiny_flanked,
          kennysheep_flooded_box, nicolae_straight_to_the_point
D:9:      layout_gridville

Skill      XL: |  1  2  3  4  5  6  7  8  9 10 |
---------------+-------------------------------+-----
Ice Magic      | 5 6 7 8 9 |  9.3
Dodging        | 3 4 5 6 |  6.8
Spellcasting   | 3 4 5 6 |  6.7
Stealth        | 3 4 5 |  5.2
Fighting       | 1 2 3 |  3.3
Conjurations   | 1 2 |  2.9
Fire Magic     | 1 2 |  2.6
Evocations     | 2 |  2.4
Short Blades   | 2 3 |  3.0

Action                   |  1- 3 |  4- 6 |  7- 9 | 10-12 || total
-------------------------+-------+-------+-------+-------++-------
Melee: Unarmed           |    10 |       |       |       ||    10
       Dagger            |    15 |       |    47 |    20 ||    82
       Whip              |       |    11 |   161 |       ||   172
Throw: Stone             |    79 |   106 |    53 |       ||   238
       Javelin           |       |       |     5 |     7 ||    12
 Cast: Freeze            |    49 |    61 |   116 |    15 ||   241
       Foxfire           |       |       |   127 |    10 ||   137
  Use: Scroll            |     2 |     3 |     8 |     2 ||    15
       Potion            |       |       |     5 |     2 ||     7
 Stab: Sleeping          |       |     2 |    11 |     1 ||    14
Armor: Robe              |     6 |    17 |    70 |     6 ||    99
Dodge: Dodged            |    44 |    51 |   247 |    33 ||   375
